 Dungeon Crawl Stone Soup version 0.31-a0-188-g5e087ee2ca (webtiles) character file.

Game seed: 14020592685206317490

3 qw the Shooter (level 1, 0/12 HPs)
             Began as a Deep Elf Hunter on June 23, 2023.
             Slain by a gnoll
             ... wielding a +0 spear
              (7 damage)
             ... on level 1 of the Dungeon.
             The game lasted 00:00:07 (47 turns).

qw the Shooter (Deep Elf Hunter)                      Turns: 47, Time: 00:00:07

Health: 0/12       AC:  3    Str:  8    XL:     1   Next: 41%
Magic:  3/3        EV: 12    Int: 13    God:
Gold:   0          SH:  0    Dex: 18    Spells: 0/0 levels left

rFire   . . .        Y - +0 shortbow
rCold   . . .        (shield currently unavailable)
rNeg    . . .        c - +0 leather armour
rPois   .            (no helmet)
rElec   .            (no cloak)
rCorr   .            (no gloves)
SInv    .            (no boots)
Will    .....        (no amulet)
Stlth   ++           (no ring)
HPRegen 0.22/turn    (no ring)
MPRegen 0.08/turn

%: no passive effects
@: no status effects
A: no striking features
a: no special abilities


You were on level 1 of the Dungeon.
You visited 1 branch of the dungeon, and saw 1 of its levels.


   Skills:
 - Level 1.5 Fighting
 + Level 5.5 Ranged Weapons
 - Level 2.4 Dodging
 - Level 1.2 Stealth


You couldn't memorise any spells.
You didn't know any spells.
Your spell library was empty.

Inventory:

Hand Weapons
 Y - a +0 shortbow (weapon)
Armour
 c - a +0 leather armour (worn)
Scrolls
 b - a scroll of butterflies

Dungeon Overview and Level Annotations

Branches:
Dungeon (1/15)

Altars:


Message History

The hobgoblin completely misses the plant.
A nearby plant withers and dies.
The ball python loses its grip on the plant.
The hobgoblin hits the plant.
The gnoll hits the plant with a +0 spear.
The plant begins to die.
The gnoll hits the plant with a +0 spear.
The plant begins to die.
You shoot an arrow. The arrow closely misses the hobgoblin.
The arrow hits the plant.
The plant begins to die.
The plant is lightly damaged.
A nearby plant withers and dies.
The gnoll hits the plant with a +0 spear.
The hobgoblin hits the plant.
You shoot an arrow. The arrow hits the hobgoblin!
You kill the hobgoblin!
A nearby plant withers and dies. x2
The gnoll hits the plant with a +0 spear.
The ball python bites the plant.
The plant begins to die.
The ball python grabs the plant.
The ball python constricts the plant.
You shoot an arrow.
The arrow barely misses the ball python.
The arrow hits the plant.
The plant begins to die.
The plant is lightly damaged.
A nearby plant withers and dies.
The ball python bites the plant.
The ball python constricts the plant.
You shoot an arrow. The arrow hits the ball python!
You kill the ball python!
A nearby plant withers and dies.
Something bites the plant.
The plant begins to die.
You shoot an arrow. The arrow hits the gnoll.
The gnoll is lightly wounded.
The gnoll hits you but does no damage.
You shoot an arrow. The arrow barely misses the gnoll.
The arrow hits the plant!
The plant is lightly damaged.
A nearby plant withers and dies. x2
The gnoll hits you from afar with a +0 spear.
The gnoll hits you from afar with a +0 spear!
Ouch! That really hurt!
You die...
PPPPPPPPPPPP.PPPPP .....PPPPP.....PPP PPPPP.PPP.PPPPP.PP PPPPPP.P.PPPPPPP.P PPPPPPP.PPPPPPPPP.
PPPPPPP.PPPPPPPPP.
PPPPP..0.(PPPPPPP.
PPPP.PP[PP.PPPPPP.
PPP...P@PPP0PPPPP.
PP...g.P.PPP.PPP.P PP....PPP0PP..P.PP .$....PPPP.....PPP .P....PPP.PP0PP.PP P......P.PPP0PPP.P P.P..PP.PPP.PPPPP( PPPP.PP.PP.PPPP

You could see a gnoll.

Vanquished Creatures
  A hobgoblin (D:1)
  A quokka (D:1)
  A ball python (D:1)
3 creatures vanquished.

Notes
Turn   | Place    | Note
-------+----------+-------------------------------------------
     0 | D:1      | qw the Deep Elf Hunter began the quest for the Orb.
     0 | D:1      | Reached XP level 1. HP: 12/12 MP: 3/3
     0 | D:1      | 0 ||| qw: Version: 0.3-a-9-g12657ce
     0 | D:1      | 0 ||| qw: Game counter: 4189
     0 | D:1      | 0 ||| qw: Always use a shield: true
     0 | D:1      | 0 ||| qw: God list: Okawaru
     0 | D:1      | 0 ||| qw: Allow faded altars: false
     0 | D:1      | 0 ||| qw: Do Orc after D:15 true
     0 | D:1      | 0 ||| qw: Do second Lair branch before Depths: true
     0 | D:1      | 0 ||| qw: Lair rune preference: random
     0 | D:1      | 0 ||| qw: Plans: Normal
     0 | D:1      | 0 ||| PLANNING D:1-11
    29 | D:1      | 29 ||| READING scroll labelled WOMETR GIWNUH.
    47 | D:1      | Slain by a gnoll

Levels and vault maps discovered:
D:1:      roderic_crop_circles_arrival_large, layout_rooms, minmay_vboxes

Action                     || total
---------------------------++-------
   Fire: Shortbow          ||    15
    Use: Scroll            ||     1
 Armour: Leather armour    ||     2
  Dodge: Dodged            ||     6

Table legend:
 A = Non-vault XP
 B = Vault XP
 C = Vault XP percentage of total XP
 D = Non-vault monster count
 E = Vault monster count
 F = Vault count percentage of total count
                 A         B        C        D         E       F
            +---------+---------+-------+---------+---------+-------
      Total |       5 |       0 |   0.0 |       3 |       0 |   0.0
            +---------+---------+-------+---------+---------+-------
        D:1 |       5 |       0 |   0.0 |       3 |       0 |   0.0
            +---------+---------+-------+---------+---------+-------
